 Dungeon Crawl Stone Soup version 0.31-a0-986-g5e6e4ef867 (webtiles) character file.

Game seed: 12968184500558505258

604 Curundu the Cudgeller (level 7, -7/60 HPs)
             Began as a Red Draconian Berserker on Nov 11, 2023.
             Was a Priest of Trog.
             Killed from afar by a hellion (37 damage)
             ... with damnation
             ... on level 2 of the Abyss.
             The game lasted 00:32:31 (5199 turns).

Curundu the Cudgeller (Red Draconian Berserker)     Turns: 5199, Time: 00:32:32

Health: -7/60      AC:  6    Str: 19    XL:     7   Next: 18%
Magic:  7/7        EV: 13    Int:  8    God:    Trog [***...]
Gold:   273        SH:  0    Dex: 12    Spells: 6/6 levels left

rFire   + . .        m - +1 hand axe (elec)
rCold   . . .        (no shield)
rNeg    . . .        (body armour unavailable)
rPois   .            (helmet restricted)
rElec   .            (no cloak)
rCorr   .            (no gloves)
SInv    .            (no boots)
Will    .....        (no amulet)
Stlth   ++           (no ring)
HPRegen 0.30/turn    (no ring)
MPRegen 0.10/turn

%: no passive effects
@: short of breath
A: breathe fire, AC +6, unfitting armour, fire resistance 1, cold-blooded
a: Breathe Fire, Renounce Religion, Berserk, Trog's Hand


You were on level 2 of the Abyss.
You worshipped Trog.
Trog was most pleased with you.
You visited 1 branch of the dungeon, and saw 5 of its levels.
You visited the Abyss 1 time.

You collected 309 gold pieces.
You spent 36 gold pieces at shops.

Inventory:

Hand Weapons
 a - a +0 mace
 m - a +1 hand axe of electrocution (weapon)
Missiles
 k - a boomerang
 t - 5 poisoned darts
Magical Staves
 o - a staff of poison
Scrolls
 b - a scroll of torment {unknown}
 d - 4 scrolls of teleportation
 f - a scroll of enchant weapon {unknown}
 h - a scroll of noise {unknown}
 i - 2 scrolls of amnesia {unknown}
 j - 2 scrolls of fog {unknown}
 n - a scroll of vulnerability {unknown}
 p - a scroll of revelation {unknown}
 r - a scroll of enchant armour {unknown}
 s - a scroll of fear {unknown}
Potions
 c - a potion of mutation {unknown}
 e - a potion of curing {unknown}
 l - 3 potions of enlightenment
 q - a potion of resistance


   Skills:
 + Level 4.5 Fighting
 + Level 3.2(4.4) Axes
 + Level 4.6(5.1) Maces & Flails
 + Level 1.6 Throwing
 + Level 4.6 Dodging
 + Level 1.7 Stealth


You had 6 spell levels left.
You didn't know any spells.
Your spell library contained the following spells:

 Spells                   Type           Power      Damage    Failure   Level
 Ignite Poison            Fire/Tmut/Pois 0%         N/A       78%         3
 Sticky Flame             Conj/Fire      0%         2d3       99%         4
 Ignition                 Fire           0%         3d3       100%        8


Dungeon Overview and Level Annotations

Branches:
Dungeon (5/15)
 Temple: D:4-7

Altars:
Cheibriados
Elyvilon
Gozag

Shops:
D:2 =   D:3 *   D:4 (=[([


Innate Abilities, Weirdness & Mutations

You can breathe blasts of fire.
Your fiery red scales are hard. (AC +6)
You cannot fit into any form of body armour.
Your flesh is heat resistant. (rF+)
You are cold-blooded and may be slowed by cold attacks.


Message History

Aim: a hellion (56% to hit)
You throw a boomerang.
The boomerang barely misses the hellion.
Aiming: Breathe Fire (5% risk of failure)
Press: ? - help, Q - select action, (/) - cycle Shift-Dir - straight line, f/p - hellion
Aim: a hellion (68% to hit)
You fail to use your ability.
The hellion hits you.
Aiming: Breathe Fire (5% risk of failure)
Press: ? - help, Q - select action, (/) - cycle Shift-Dir - straight line, f/p - hellion
Aim: a hellion (68% to hit)
You breathe a blast of fire.
The fiery breath hits the hellion.
The hellion is lightly wounded.
The hellion hits you but does no damage.
You hit the hellion. Lightning courses through the hellion!
The hellion is moderately wounded.
The hellion gestures at you.
The sphere of damnation explodes!
The damnation engulfs you!!
* * * LOW HITPOINT WARNING * * *
The damnation engulfs the hellion.
The hellion completely resists.
You feel much better. The hellion barely misses you.
The hellion gestures at you.
The sphere of damnation explodes!
The damnation engulfs you!!
* * * LOW HITPOINT WARNING * * *
The damnation engulfs the hellion.
The hellion completely resists.
You feel much better. The hellion hits you!
* * * LOW HITPOINT WARNING * * *
You feel much better. The hellion closely misses you.
You barely miss the hellion.
The hellion is moderately wounded.
The hellion hits you.
A small abomination comes into view.
You hit the hellion but do no damage.
You tail-slap the hellion, but do no damage.
The hellion is moderately wounded.
The hellion barely misses you. The hellion gestures at you.
The sphere of damnation explodes!
The damnation engulfs you!!!
Ouch! That really hurt!
You die...

... #. # .#
.. #2 . #.#
.# #.# .
.## #.# ##.
..# #.#
#.#....#
#.###.....#
#.@2.x°#
######.#
..# .. ..#.
..... ...
.. ...# .#


You could see a hellion and a small abomination.

Vanquished Creatures
  The ghost of Savior361 the Skirmisher, an amateur KoHu (D:4)
  A black bear (D:4)
  A bullfrog (D:4)
  4 orc priests
  A hound (D:4)
  2 iguanas (D:4)
  4 adders
  4 worms
  2 dart slugs
  9 orcs
  8 endoplasms
  4 giant cockroaches
  7 goblins
  4 hobgoblins
  11 jackals
  3 quokkas
  6 ball pythons
  8 bats
  4 frilled lizards
  6 kobolds
  4 rats
94 creatures vanquished.

Notes
Turn   | Place    | Note
-------+----------+-------------------------------------------
     0 | D:1      | Curundu the Draconian Berserker began the quest for the
                  | Orb.
     0 | D:1      | Reached XP level 1. HP: 19/19 MP: 1/1
   174 | D:1      | Reached XP level 2. HP: 12/26 MP: 2/2
  1035 | D:2      | Reached XP level 3. HP: 17/33 MP: 3/3
  1151 | D:2      | Reached ** piety under Trog
  1179 | D:2      | Found Qyevecae's Jewellery Shoppe.
  1970 | D:3      | Reached XP level 4. HP: 40/40 MP: 4/4
  2154 | D:3      | Found Gixe's Assorted Antiques.
  2173 | D:3      | Bought a scroll of identify for 36 gold pieces
  2187 | D:3      | Found an opulent altar of Gozag.
  2309 | D:3      | Found a white marble altar of Elyvilon.
  3312 | D:4      | Found Ceja's Antique Weapon Emporium.
  3353 | D:4      | Noticed a black bear
  3366 | D:4      | Killed a black bear
  3367 | D:4      | Reached skill level 1 in Axes
  3367 | D:4      | Reached skill level 1 in Stealth
  3367 | D:4      | Reached XP level 5. HP: 19/46 MP: 5/5
  3478 | D:4      | Found Kyurigos's Jewellery Shoppe.
  3480 | D:4      | Found Sigyn's Antique Armour Shoppe.
  3605 | D:4      | Found a runed translucent gate.
  3606 | D:4      | Found a runed translucent gate.
  3606 | D:4      | Found a runed translucent gate.
  3607 | D:4      | Found an opulent altar of Gozag.
  3607 | D:4      | Noticed Savior361's ghost (amateur KoHu)
  3650 | D:4      | Found Ixesm's Weapon Emporium.
  3706 | D:4      | Found a snail-covered altar of Cheibriados.
  3731 | D:4      | Reached XP level 6. HP: 4/52 MP: 6/6
  4144 | D:4      | Found Miurah's Antique Armour Emporium.
  4337 | D:4      | Reached skill level 1 in Throwing
  4634 | D:4      | Killed Savior361's ghost
  4637 | D:4      | Reached *** piety under Trog
  4955 | D:5      | Entered Level 5 of the Dungeon
  4977 | D:5      | Your scales start taking on a fiery red colour.
  4977 | D:5      | Reached XP level 7. HP: 32/60 MP: 7/7
  4977 | D:5      | Gained mutation: Your flesh is heat resistant. (rF+) [Red
                  | Draconian growth]
  5129 | Abyss:2  | Cast into level 2 of the Abyss (orc priest)
  5181 | Abyss:2  | Noticed a hellion
  5195 | Abyss:2  | HP: 2/60 [hellion/damnation (22)]
  5198 | Abyss:2  | Noticed a small abomination
  5199 | Abyss:2  | Killed from afar by a hellion

Illustrated notes

Levels and vault maps discovered:
D:1:      dpeg_arrival_long_road, layout_loops_ring
D:2:      layout_basic, serial_shops, shop, minmay_distorted
D:3:      layout_basic, elyvilon_altar_5, grunt_gozag_breadcrumbs, serial_shops,
          shop
D:4:      layout_loops_corners, overflow_temple_1_default, serial_shops, shop,
          nicolae_shop_rolling_square, shop, nicolae_take_the_stairs,
          nicolae_shop_waterfront, ebering_ghost_gozag
D:5:      layout_loops_ring, bloody_makhleb, uniq_sigmund, uniq_ijyb,
          uniq_crazy_yiuf_cottage
Abyss:2:  base:
D:5

Skill      XL: |  1  2  3  4  5  6 |
---------------+-------------------+-----
Dodging        | 3 4 |  4.6
Maces & Flails | 4 |  4.6
Fighting       | 4 |  4.5
Axes           | 1 3 |  3.2
Stealth        | 1 |  1.7
Throwing       | 1 |  1.6

Action                     |  1- 3 |  4- 6 |  7- 9 || total
---------------------------+-------+-------+-------++-------
  Melee: Mace              |   105 |     1 |       ||   106
         Tailslap          |    14 |    13 |     3 ||    30
         Punch             |     1 |     2 |       ||     3
         Hand axe          |       |   110 |    16 ||   126
  Throw: Boomerang         |     3 |    17 |     3 ||    23
Ability: Breathe Fire      |       |       |     3 ||     3
    Use: Scroll            |     1 |     3 |       ||     4
         Potion            |       |       |     3 ||     3
   Stab: Sleeping          |     1 |     2 |       ||     3
 Armour: Skin              |    61 |    88 |    12 ||   161
  Dodge: Dodged            |    84 |    84 |    10 ||   178

Table legend: (Time is in decaauts)
 A = Elapsed time spent in this place.
 B = Non-inter-level travel time spent in this place.
 C = Inter-level travel time spent in this place.
 D = Time resting spent in this place.
 E = Time spent auto-exploring this place.
 F = Levels seen in this place.
 G = Mean time per level.
                   A        B        C        D        E       F      G
               +--------+--------+--------+--------+--------+-----+--------+
         Total |   5248 |   5248 |      0 |    960 |      0 |   6 |  874.7 |
       Dungeon |   5178 |   5178 |      0 |    909 |      0 |   5 | 1035.6 |
         Abyss |     70 |     70 |      0 |     51 |      0 |   1 |   70.0 |
               +--------+--------+--------+--------+--------+-----+--------+

Top non-repeatable levels by time:
     D:4: 1921 daAuts
     D:3: 1164 daAuts
     D:1: 999 daAuts
     D:2: 915 daAuts
     D:5: 177 daAuts
 Abyss:2: 70 daAuts
